[Event "*** Biggest EVER Titled Tuesday"]
[Site "Chess.com"]
[Date "2018.04.17"]
[Round "4"]
[White "joshuacao"]
[Black "DrStephenStrange"]
[Result "0-1"]
[WhiteElo "1998"]
[BlackElo "1907"]
[TimeControl "180+2"]
[EndTime "13:49:33 PDT"]
[Termination "DrStephenStrange won by resignation"]

1. e4 e6 2. d4 d5 3. Nc3 dxe4 4. Nxe4 Bd7 5. Nf3 Bc6 6. Bd3 Bxe4 7. Bxe4 c6 8. Qe2 Nf6 9. Bd3 Bd6 10. Bg5 Nbd7 11. O-O-O Qc7 12. Rhe1 Bf4+ 13. Kb1 O-O-O 14. g3 Bd6 15. Ne5 h6 16. Bc1 Rhf8 17. b3 Nd5 18.
Bb2 Nxe5 19. dxe5 Bb4 20. Rf1 Nc3+ 21. Bxc3 Bxc3 22. f4 Qa5 23. Qe3 Rd4 24. Bc4 Rxc4 0-1

[Event "*** Biggest EVER Titled Tuesday"]
[Site "Chess.com"]
[Date "2018.04.17"]
[Round "4"]
[White "GianmarcoVaR"]
[Black "MaxLeto"]
[Result "1-0"]
[WhiteElo "2544"]
[BlackElo "2342"]
[TimeControl "180+2"]
[EndTime "13:49:49 PDT"]
[Termination "GianmarcoVaR won by resignation"]

1. d4 g6 2. e4 Bg7 3. c3 b6 4.
Bd3 Bb7 5. Nf3 d6 6. O-O e6 7.
Nbd2 Nd7 8. Re1 Ne7 9. a4 a6 10. Nc4 h6 11. Qc2 O-O 12. b4 d5 13. exd5 Nxd5 14. Rb1 Re8 15. Bd2 Rc8 16. a5 N7f6 17.
Nce5 Nh5 18. Nxf7 Qf6 19. Nxh6+ Bxh6 20. Bxh6 Nhf4 21. Be4 b5 22. Bxf4 Qxf4 23. Bxd5 1-0

[Event "*** Biggest EVER Titled Tuesday"]
[Site "Chess.com"]
[Date "2018.04.17"]
[Round "4"]
[White "Jospem"]
[Black "VeraNebolsina"]
[Result "1-0"]
[WhiteElo "2694"]
[BlackElo "2482"]
[TimeControl "180+2"]
[EndTime "13:49:55 PDT"]
[Termination "Jospem won by resignation"]

1. e4 e5 2. Nf3 Nf6 3. Nxe5 d6 4.
Nf3 Nxe4 5. d4 d5 6. Bd3 Be7 7. O-O O-O 8. Re1 Nd6 9. Bf4 Bg4 10. Nbd2 Nd7 11. c3 Nf6 12. Qc2 Bxf3 13. Nxf3 Nde4 14.
h3 Bd6 15. Ne5 Nh5 16. Bh2 f6 17. Bxe4 dxe4 18. Qb3+ Kh8 19. Nf7+ Rxf7 20. Qxf7 Bxh2+ 21. Kxh2 Qd6+ 22. g3 g6 23. Rxe4 Rf8 24. Re8 Rxe8 25. Qxe8+ Kg7 26. Re1 Qd5 27. Re7+ Kh6 28. Qf8+ Kg5 29.
f4+ 1-0

[Event "*** Biggest EVER Titled Tuesday"]
[Site "Chess.com"]
[Date "2018.04.17"]
[Round "4"]
[White "champ2005"]
[Black "SenseiJulio"]
[Result "1-0"]
[WhiteElo "2617"]
[BlackElo "2618"]
[TimeControl "180+2"]
[EndTime "13:49:56 PDT"]
[Termination "champ2005 won by checkmate"]

1. e4 e6 2. d4 d5 3. Nc3 Nf6 4. Bg5 dxe4 5. Nxe4 Be7 6. Bxf6 gxf6 7. Nf3 f5 8. Nc3 a6 9. g3 b5 10. Bg2 Bb7 11. O-O c5 12. d5 b4 13. dxe6 bxc3 14. exf7+ Kf8 15. Qe2 Be4 16. bxc3 Nd7 17. Rad1 Qc7 18.
Rfe1 Bf6 19. Qd2 Rd8 20. Ng5 Bxg5 21. Qxg5 h6 22. Qh4 Bxg2 23. Qe7+ Kg7 24. f8=Q+ Kg6 25. Qff7# 1-0

[Event "*** Biggest EVER Titled Tuesday"]
[Site "Chess.com"]
[Date "2018.04.17"]
[Round "4"]
[White "Manukyan_Artak"]
[Black "rasmussvane"]
[Result "0-1"]
[WhiteElo "2354"]
[BlackElo "2599"]
[TimeControl "180+2"]
[EndTime "13:50:14 PDT"]
[Termination "rasmussvane won by resignation"]

1. e4 c6 2. d4 d5 3. e5 Bf5 4. Nf3 e6 5. c4 Ne7 6. Nc3 h6 7. Qb3 Qd7 8. Be3 Bh7 9. Be2 Nf5 10. cxd5 cxd5 11. Rc1 Nc6 12. Na4 Bb4+ 13. Kf1 O-O 14. Bb5 Be7 15. Nc5 Bxc5 16. Rxc5 Rfc8 17. g4 Nxe3+ 18.
fxe3 a6 19. Bxc6 Rxc6 20. Rxc6 Qxc6 21. Kf2 Rc8 22. Re1 Be4 23. Re2 Bxf3 24. Kxf3 Qc1 25.
Qxb7 Qf1+ 26. Rf2 Qh3+ 27. Ke2 Rc2+ 28. Ke1 Qxe3+ 0-1

[Event "*** Biggest EVER Titled Tuesday"]
[Site "Chess.com"]
[Date "2018.04.17"]
[Round "4"]
[White "Alopekos"]
[Black "Tash_Boy"]
[Result "0-1"]
[WhiteElo "2296"]
[BlackElo "2535"]
[TimeControl "180+2"]
[EndTime "13:50:15 PDT"]
[Termination "Tash_Boy won on time"]

1. e4 e5 2. Nf3 Nc6 3. Bb5 a6 4.
Ba4 Bc5 5. O-O Qf6 6. Nc3 Nge7 7. Nd5 Nxd5 8. exd5 Ne7 9. d4 exd4 10. Bg5 Qg6 11.
b4 Bd6 12. Bxe7 Bxe7 13. Re1 Qf6 14. Qe2 Kd8 15. Nxd4 b5 16. Bb3 Bxb4 17. Red1 Re8 18. Qg4 Bd6 0-1

[Event "*** Biggest EVER Titled Tuesday"]
[Site "Chess.com"]
[Date "2018.04.17"]
[Round "4"]
[White "KRASAVCHIK2002"]
[Black "BillForster"]
[Result "1-0"]
[WhiteElo "1991"]
[BlackElo "1614"]
[TimeControl "180+2"]
[EndTime "13:50:20 PDT"]
[Termination "KRASAVCHIK2002 won by resignation"]

1. h4 d5 2. h5 e5 3. b3 Bd6 4. Bb2 Nf6 5. Nf3 Nbd7 6. h6 g6 7. d3 c6 8. Nbd2 Qc7 9. e4 d4 10. c3 dxc3 11. Bxc3 b6 12. Nc4 Bb7 13. Qc2 Bc5 14.
O-O-O O-O-O 15. Ncxe5 Nxe5 16. Bxe5 Qe7 17. Qc3 Ng4 18.
Bxh8 Nxf2 19. Be2 Nxh1 20. Rxh1 Be3+ 21. Kb1 Qa3 22. Qb2 Qb4 23. Bf6 Rd7 24. Ne5 1-0

[Event "*** Biggest EVER Titled Tuesday"]
[Site "Chess.com"]
[Date "2018.04.17"]
[Round "4"]
[White "DACF2905"]
[Black "aa175"]
[Result "1-0"]
[WhiteElo "2033"]
[BlackElo "1859"]
[TimeControl "180+2"]
[EndTime "13:50:24 PDT"]
[Termination "DACF2905 won by checkmate"]

1. e4 e5 2. Nf3 f5 3. exf5 d6 4. d4 exd4 5. Qxd4 Bxf5 6. Bd3 Nf6 7. Bxf5 c5 8. Qd3 c4 9. Qxc4 Qa5+ 10. Nc3 Qxf5 11.
O-O Be7 12. Nd4 Qc5 13. Qxc5 dxc5 14. Ne6 Na6 15. Nxg7+ Kf7 16. Nf5 Nb4 17. Nxe7 Kxe7 18. Bg5 Kf7 19. a3 Nxc2 20. Rac1 Nd4 21. Bxf6 Kxf6 22.
Ne4+ Ke5 23. Rfe1 Rhg8 24. Rxc5+ Kf4 25. g3+ Kg4 26. Kg2 Nf5 27. h3+ Kh5 28. Rxf5+ Kg6 29.
Rg5+ Kh6 30. Rxg8 Rxg8 31. f4 b5 32. Ng5 b4 33. Re7 Rh8 34. Nf7+ Kh5 35. Nxh8 h6 36. Nf7 a5 37. axb4 axb4 38. g4+ Kg6 39. Ne5+ Kf6 40. Rf7+ Ke6 41. Rb7 b3 42. Nd3 h5 43. f5+ Kf6 44.
Rb6+ Kg5 45. Rg6+ Kh4 46. gxh5 Kxh5 47. Nf4+ Kh4 48. Rg4# 1-0

[Event "*** Biggest EVER Titled Tuesday"]
[Site "Chess.com"]
[Date "2018.04.17"]
[Round "4"]
[White "Sam_ChessMood"]
[Black "NIGWAPO"]
[Result "1-0"]
[WhiteElo "2629"]
[BlackElo "2501"]
[TimeControl "180+2"]
[EndTime "13:50:27 PDT"]
[Termination "Sam_ChessMood won by checkmate"]

1. e4 g5 2. d4 d5 3. e5 f6 4.
Qh5+ Kd7 5. h4 gxh4 6. Nc3 c6 7. Nf3 b6 8. Bf4 Kc7 9. exf6+ Kb7 10. fxe7 Qxe7+ 11. Qe5 Bg7 12. Qe3 Bf5 13. O-O-O Qxe3+ 14. fxe3 Nf6 15. Nxh4 Bg4 16. Be2 Bxe2 17. Nxe2 Ne4 18. Nf5 Bf6 19. Rdf1 Nd7 20. Neg3 Nxg3 21. Nd6+ Ka6 22.
Bxg3 h5 23. Kd2 Rag8 24. Rf3 h4 25. Bf2 Rxg2 26. Ke2 Rh7 27. e4 Bxd4 28. Ra3# 1-0

[Event "*** Biggest EVER Titled Tuesday"]
[Site "Chess.com"]
[Date "2018.04.17"]
[Round "4"]
[White "nubair1198"]
[Black "muran29"]
[Result "1-0"]
[WhiteElo "2530"]
[BlackElo "2335"]
[TimeControl "180+2"]
[EndTime "13:50:27 PDT"]
[Termination "nubair1198 won by resignation"]

1. d4 d5 2. c4 e6 3. Nc3 Nf6 4. cxd5 exd5 5. Bg5 c6 6. e3 Be7 7. Bd3 Nbd7 8. Nf3 O-O 9. Qc2 Re8 10. O-O Nf8 11. Rab1 a5 12. a3 Ne4 13. Bxe7 Qxe7 14. b4 axb4 15. axb4 Bg4 16. Bxe4 dxe4 17. Nd2 f5 18. h3 Bh5 19. b5 Ng6 20. bxc6 bxc6 21. Rb6 Nh4 22. Rxc6 Qg5 23. g3 Nf3+ 24. Nxf3 Bxf3 25.
Nd5 h5 26. h4 Qd8 27. Qc4 Kh7 28. Nc7 f4 29. Qf7 Re7 30. Qf5+ Kh8 31. Nxa8 Qxa8 32. Rc8+ 1-0

[Event "*** Biggest EVER Titled Tuesday"]
[Site "Chess.com"]
[Date "2018.04.17"]
[Round "4"]
[White "hilary444"]
[Black "wonderfultime"]
[Result "0-1"]
[WhiteElo "2524"]
[BlackElo "2785"]
[TimeControl "180+2"]
[EndTime "13:50:31 PDT"]
[Termination "wonderfultime won by checkmate"]

1. e4 c5 2. Nf3 d6 3. d4 cxd4 4.
Nxd4 Nf6 5. Nc3 g6 6. Be3 Bg7 7.
f3 O-O 8. Qd2 Nc6 9. Bc4 Bd7 10.
O-O-O Rb8 11. Kb1 Na5 12. Be2 a6 13. g4 b5 14. h4 Qc7 15. h5 Rfc8 16. hxg6 fxg6 17.
g5 b4 18. Nd5 Nxd5 19. exd5 Qc3 20. Bxa6 Rc5 21. Qxc3 bxc3 22. Nb3 Nxb3 23. axb3 Ra5 24.
Bc4 Rba8 25. bxc3 Ra1+ 26. Kb2 R8a2# 0-1

[Event "*** Biggest EVER Titled Tuesday"]
[Site "Chess.com"]
[Date "2018.04.17"]
[Round "4"]
[White "Yaacovn"]
[Black "bancsoo"]
[Result "1-0"]
[WhiteElo "2666"]
[BlackElo "2583"]
[TimeControl "180+2"]
[EndTime "13:50:45 PDT"]
[Termination "Yaacovn won by resignation"]

1. d4 d5 2. Nf3 Nf6 3. c4 c6 4.
cxd5 cxd5 5. Nc3 Nc6 6. Bf4 Bf5 7. Qb3 Na5 8. Qa4+ Bd7 9. Qc2 e6 10. e3 Be7 11. Bd3 Nc6 12. a3 Nh5 13. Be5 f6 14. Bg3 f5 15. O-O Rc8 16. Qd1 Nxg3 17. hxg3 O-O 18.
Rc1 Qa5 19. Qa4 a6 20. Qb3 Rc7 21. Rc2 Rfc8 22. Rfc1 Bd6 23. Bxf5 exf5 24. Nxd5 Be6 25. Nf6+ Kf7 26. Ng5+ Kxf6 27. Qxe6+ Kxg5 28. Qxd6 Rd8 29. Qf4+ Kf6 30. Rc5 g5 31. Qxf5+ 1-0

[Event "*** Biggest EVER Titled Tuesday"]
[Site "Chess.com"]
[Date "2018.04.17"]
[Round "4"]
[White "xavielhumilde_1999"]
[Black "2165149677570"]
[Result "1-0"]
[WhiteElo "2218"]
[BlackElo "2138"]
[TimeControl "180+2"]
[EndTime "13:50:51 PDT"]
[Termination "xavielhumilde_1999 won by resignation"]

1. e4 c5 2. Nf3 d6 3. d4 cxd4 4. Nxd4 Nf6 5. Nc3 a6 6. f3 e5 7. Nb3 Be6 8. Be3 Nbd7 9. Qd2 Be7 10. O-O-O b5 11. g4 b4 12. Nd5 Bxd5 13. exd5 Nb6 14.
Qxb4 Nbxd5 15. Qa4+ Qd7 16. Qxd7+ Kxd7 17. Bd2 Nc7 18.
g5 Nfd5 19. c4 Nb6 20. c5 dxc5 21. Bc3+ Kc6 22. Bxe5 Bxg5+ 23. f4 Bf6 24. Bxc7 Kxc7 25. Nxc5 Rac8 26. Kb1 Kb8 27. Nxa6+ Kb7 28. Nb4 Na4 29.
Ba6+ Kb6 30. Bxc8 Rxc8 31. Nd5+ Ka5 32. Nxf6 gxf6 33. Rd5+ Kb4 34. Rhd1 Nc5 35. R1d4+ Kb5 36. b4 1-0

[Event "*** Biggest EVER Titled Tuesday"]
[Site "Chess.com"]
[Date "2018.04.17"]
[Round "4"]
[White "KenanGarayev"]
[Black "gkchesstiger"]
[Result "1-0"]
[WhiteElo "2562"]
[BlackElo "2791"]
[TimeControl "180+2"]
[EndTime "13:50:52 PDT"]
[Termination "KenanGarayev won by resignation"]

1. d4 d5 2. c4 c6 3. Nc3 Nf6 4. e3 g6 5. Nf3 Bg7 6. Be2 O-O 7. O-O Qb6 8. b3 Bg4 9. h3 Bxf3 10. Bxf3 e6 11. Qc2 Rd8 12. Bb2 a5 13.
Rad1 Nbd7 14. e4 dxe4 15. Nxe4 Nxe4 16. Qxe4 Nf6 17. Qe3 Ne8 18. Rd3 Qa7 19. Rfd1 a4 20.
Bc1 axb3 21. axb3 Nd6 22. d5 exd5 23. Qxa7 Rxa7 24. cxd5 c5 25. Be3 b6 26. b4 Rc7 27.
bxc5 bxc5 28. Rc1 c4 29. Bb6 Rb7 30. Bxd8 cxd3 31. Bg5 Be5 32. g3 Kg7 33. Rd1 Rb3 34. Bg2 Nc4 35. Bf1 Nb2 36. Rb1 Bd4 37. d6 Rb6 38. d7 Rd6 39. d8=Q Rxd8 40. Bxd8 d2 41. Be2 Na4 42. Ba5 Bc3 43. Bc7 Bd4 44. Rd1 Bc3 45. Bf4 Nb2 46. Rxd2 Bxd2 47. Bxd2 Na4 48. Be3 1-0

[Event "*** Biggest EVER Titled Tuesday"]
[Site "Chess.com"]
[Date "2018.04.17"]
[Round "4"]
[White "chesssharkattack"]
[Black "belisarius64"]
[Result "0-1"]
[WhiteElo "2378"]
[BlackElo "2504"]
[TimeControl "180+2"]
[EndTime "13:51:01 PDT"]
[Termination "belisarius64 won on time"]

1. e4 c5 2. Nf3 e6 3. c4 a6 4.
Nc3 Nc6 5. Be2 Nf6 6. O-O Be7 7. d4 cxd4 8. Nxd4 O-O 9. Be3 Qc7 10. Rc1 b6 11.
Nd5 exd5 12. cxd5 Bb7 13. dxc6 dxc6 14. Nf5 Rfd8 15. Qc2 c5 16. Nxe7+ Qxe7 17. f3 Nd5 18. Bf2 Nf4 19. Bg3 Nxe2+ 20. Qxe2 Rd7 21. Rfd1 Rad8 22. h4 h6 23. Kh2 Qf6 24. b3 Qe6 25. Bf4 f5 26. Rxd7 Rxd7 27. e5 Rd4 28. Qe3 Qe7 29. Kh3 Qe6 30. Re1 g5 0-1

[Event "*** Biggest EVER Titled Tuesday"]
[Site "Chess.com"]
[Date "2018.04.17"]
[Round "4"]
[White "Noukii"]
[Black "JosefineHeinemann"]
[Result "1-0"]
[WhiteElo "2637"]
[BlackElo "2377"]
[TimeControl "180+2"]
[EndTime "13:51:05 PDT"]
[Termination "Noukii won by resignation"]

1. d4 Nf6 2. Nf3 e6 3. Bg5 Be7 4. Nbd2 b6 5. e4 d6 6. Bd3 c5 7. e5 Nd5 8. Bxe7 Qxe7 9. Nc4 dxe5 10. dxe5 O-O 11. O-O Nd7 12. Qe2 Bb7 13. Qe4 f5 14. exf6 gxf6 15. Rfe1 e5 16. Ne3 Qf7 17. Bc4 f5 18. Qxd5 Bxd5 19. Bxd5 e4 20. Ng5 Qxd5 21. Nxd5 Ne5 22. Rad1 h6 23. Ne6 Rf7 24. Nef4 Kg7 25. Ne3 Re8 26. Rd6 b5 27. Red1 c4 28. R1d5 b4 29.
Ne6+ Kh7 30. Rxe5 b3 31. axb3 cxb3 32. cxb3 Rc8 33. g3 Rc1+ 34. Kg2 1-0

[Event "*** Biggest EVER Titled Tuesday"]
[Site "Chess.com"]
[Date "2018.04.17"]
[Round "4"]
[White "Orest_Vovk"]
[Black "Grootneus"]
[Result "1-0"]
[WhiteElo "2240"]
[BlackElo "2100"]
[TimeControl "180+2"]
[EndTime "13:51:09 PDT"]
[Termination "Orest_Vovk won by checkmate"]

1. g4 h5 2. g5 h4 3. g6 fxg6 4. Nf3 d6 5. d4 Nf6 6. Nc3 Bg4 7.
Qd3 Bf5 8. e4 Bg4 9. Rg1 Nc6 10.
Ng5 e5 11. Nd5 Bh5 12. Ne6 Qd7 13. Nexc7+ Kd8 14. Nxa8 Nxd5 15. exd5 Nxd4 16. Bg5+ Kc8 17.
Bg2 Kb8 18. c3 Ne2 19. Bh3 Qa4 20. b3 Qa5 21. Rg4 Bxg4 22. Bxg4 Qxc3+ 23. Qxc3 Nxc3 24. Rc1 Nxd5 25. Rc8# 1-0

[Event "*** Biggest EVER Titled Tuesday"]
[Site "Chess.com"]
[Date "2018.04.17"]
[Round "4"]
[White "Zhuu96"]
[Black "murmah2003"]
[Result "1-0"]
[WhiteElo "2731"]
[BlackElo "2546"]
[TimeControl "180+2"]
[EndTime "13:51:12 PDT"]
[Termination "Zhuu96 won on time"]

1. e4 g6 2. d4 Bg7 3. Nf3 d6 4.
h3 c6 5. Nc3 b5 6. Bd3 Bb7 7. Ne2 a6 8. O-O Nd7 9. Ng3 e5 10. c3 Ne7 11. a4 O-O 12. Re1 b4 13. Bd2 Qb6 14. a5 Qc7 15. dxe5 Nxe5 16. Nxe5 Bxe5 17.
cxb4 Bxb2 18. Ra2 Bg7 19. Rc2 Rfe8 20. Qc1 Qd7 21. Bc3 Bxc3 22. Rxc3 Qe6 23. Bc4 Qe5 24.
Rf3 Rf8 25. Nf1 Rae8 26. Ne3 h5 27. Ba2 Kg7 28. Nc4 Qe6 29. e5 d5 30. Nd6 Rb8 31.
Rf6 Qd7 32. Nxf7 Ng8 33. e6 Qe7 34. Rxg6+ Kxg6 35. Bb1+ Kg7 36. Qc3+ Qf6 37. Qg3+ 1-0

[Event "*** Biggest EVER Titled Tuesday"]
[Site "Chess.com"]
[Date "2018.04.17"]
[Round "4"]
[White "rekosheten"]
[Black "ViktorMatviishen"]
[Result "0-1"]
[WhiteElo "2356"]
[BlackElo "2516"]
[TimeControl "180+2"]
[EndTime "13:51:18 PDT"]
[Termination "ViktorMatviishen won by checkmate"]

1. e4 c5 2. Nf3 d6 3. c3 Nf6 4.
Bd3 Nc6 5. h3 e5 6. O-O g6 7.
Bc2 Bg7 8. d4 cxd4 9. cxd4 O-O 10. d5 Nb4 11. Bb3 a5 12. Nc3 Bd7 13. Qe2 a4 14. Bc4 Nh5 15. a3 Na6 16. Bg5 f6 17. Be3 f5 18. exf5 Rxf5 19. g4 Nf4 20. Bxf4 Rxf4 21.
Ne4 h5 22. Nxd6 Bxg4 23. Nxb7 Qc8 24. d6+ Kh8 25. hxg4 Qxg4+ 26. Kh2 Rxf3 27. Be6 Rh3# 0-1

[Event "*** Biggest EVER Titled Tuesday"]
[Site "Chess.com"]
[Date "2018.04.17"]
[Round "4"]
[White "robbykevlishvili"]
[Black "ChessQueen"]
[Result "1-0"]
[WhiteElo "2482"]
[BlackElo "2613"]
[TimeControl "180+2"]
[EndTime "13:51:22 PDT"]
[Termination "robbykevlishvili won by resignation"]

1. e4 c5 2. Nf3 Nc6 3. d4 cxd4 4. Nxd4 Nf6 5. Nc3 d6 6. Bg5 e6 7. Qd2 a6 8. O-O-O h6 9. Nxc6 bxc6 10. Bf4 d5 11.
Qe3 Be7 12. Be2 O-O 13. g4 Nd7 14. Bg3 Qb6 15. Qxb6 Nxb6 16. h4 Bb7 17. Bc7 Nd7 18.
f4 Rfc8 19. Ba5 Bc5 20. Kb1 Be3 21. Rhf1 d4 22. Na4 c5 23. e5 Bg2 24. b3 c4 25. Nb2 cxb3 26. axb3 Bxf1 27. Rxf1 Nc5 28. Nc4 Ne4 29. Bf3 Nc3+ 30. Bxc3 dxc3 31. Bxa8 1-0

[Event "*** Biggest EVER Titled Tuesday"]
[Site "Chess.com"]
[Date "2018.04.17"]
[Round "4"]
[White "Eliwood44"]
[Black "ChessMavenYeti"]
[Result "1-0"]
[WhiteElo "2145"]
[BlackElo "2087"]
[TimeControl "180+2"]
[EndTime "13:51:28 PDT"]
[Termination "Eliwood44 won by resignation"]

1. d4 e6 2. Nf3 d5 3. c4 Nf6 4.
Nc3 Be7 5. cxd5 exd5 6. Bf4 c6 7. e3 Bf5 8. h3 O-O 9. Be2 Nbd7 10. O-O Re8 11.
a3 a5 12. Bd3 Bxd3 13. Qxd3 Bf8 14. Rab1 g6 15. b4 axb4 16. axb4 Ra3 17. Rfc1 b5 18.
Ra1 Qa8 19. Rxa3 Qxa3 20. Qc2 Bxb4 21. Nb1 Qa6 22. Qxc6 Qxc6 23. Rxc6 Ra8 24. Nbd2 Bf8 25. Ne5 b4 26. Nxd7 Nxd7 27. Rc7 Nb6 28. Rb7 Nc4 29.
Nf3 Ra1+ 30. Kh2 Kg7 31. Ng5 Nd6 32. Rd7 b3 33. Ne6+ Kg8 34. Nxf8 b2 35. Rd8 Nb7 36.
Rb8 Kg7 37. Ne6+ Kf6 38. Rxb7 b1=Q 39. Rxb1 Rxb1 40. Nc7 Kf5 41. Nxd5 Ke4 42. Nc3+ 1-0

[Event "*** Biggest EVER Titled Tuesday"]
[Site "Chess.com"]
[Date "2018.04.17"]
[Round "4"]
[White "maximlavrov"]
[Black "Aikiigm"]
[Result "1/2-1/2"]
[WhiteElo "2472"]
[BlackElo "2455"]
[TimeControl "180+2"]
[EndTime "13:51:29 PDT"]
[Termination "Game drawn by repetition"]

1. g3 h5 2. Nf3 d6 3. Bg2 e5 4.
c4 Be7 5. h3 Nc6 6. Nc3 Be6 7.
b3 Qd7 8. d4 exd4 9. Nxd4 Nxd4 10.
Qxd4 Bf6 11. Qd2 c6 12. Bb2 Ne7 13. O-O-O O-O-O 14. Ne4 Bxb2+ 15. Qxb2 d5 16. Qxg7 Qc7 17. Nd2 dxc4 18. Nxc4 Bxc4 19. bxc4 Qa5 20. Qb2 Qc5 21. e3 Qxc4+ 22. Kb1 h4 23. g4 Nd5 24. Rc1 Qd3+ 25.
Ka1 Nb6 26. Rb1 Kb8 27. Rhc1 Rhe8 28. Qc3 Qxc3+ 29. Rxc3 Rd2 30. Rf1 Red8 31. Kb1 Na4 32. Rc2 Rd1+ 33. Rxd1 Rxd1+ 34. Rc1 Rd2 35. Rc2 Rd1+ 36.
Rc1 Rd2 37. Rc2 Rd1+ 38. Rc1 Rd2 39. Rc2 Rd1+ 40. Rc1 Rd2 41. Rc2 Rd1+ 1/2-1/2

[Event "*** Biggest EVER Titled Tuesday"]
[Site "Chess.com"]
[Date "2018.04.17"]
[Round "4"]
[White "TST2014"]
[Black "PrinceMurad09"]
[Result "0-1"]
[WhiteElo "2332"]
[BlackElo "2350"]
[TimeControl "180+2"]
[EndTime "13:51:30 PDT"]
[Termination "PrinceMurad09 won by checkmate"]

1. d4 Nf6 2. c4 c5 3. d5 b5 4. cxb5 a6 5. e3 e6 6. Nc3 Bb7 7. e4 axb5 8. Bxb5 exd5 9. exd5 Bd6 10. Nf3 O-O 11. O-O Na6 12. Bg5 h6 13. Ne4 hxg5 14.
Nxd6 Bxd5 15. Nxg5 Qb6 16. Nf5 Rfe8 17. a4 Nb4 18.
Ne3 Bb7 19. Nc4 Qc7 20. Qd6 Qd8 21. Rfe1 Nc2 22. Rxe8+ Qxe8 23. Rd1 Qe2 24. Ne3 Qh5 25.
Nxc2 Qxg5 26. Ne3 Re8 27. Qg3 Qh6 28. Nf5 Qh7 29. Bd3 Ne4 30. Bxe4 Bxe4 31. Ne7+ Kf8 32. Rxd7 Bc6 33. Rc7 Qb1# 0-1

[Event "*** Biggest EVER Titled Tuesday"]
[Site "Chess.com"]
[Date "2018.04.17"]
[Round "4"]
[White "JustKid"]
[Black "Ravan_02"]
[Result "1-0"]
[WhiteElo "2469"]
[BlackElo "2449"]
[TimeControl "180+2"]
[EndTime "13:51:31 PDT"]
[Termination "JustKid won by resignation"]

1. d4 g6 2. Nf3 Bg7 3. c3 d6 4. h3 Nf6 5. Bf4 O-O 6. e3 Nbd7 7. Bh2 b6 8. Be2 Bb7 9. O-O Re8 10. a4 a6 11. Qb3 c5 12. Nbd2 Bd5 13. Qa3 e5 14. dxe5 dxe5 15. Rfd1 Qe7 16. Nc4 Bxc4 17. Bxc4 b5 18.
axb5 Nb6 19. Qb3 Nxc4 20. Qxc4 axb5 21. Qxb5 Rab8 22. Qc4 Nh5 23. g4 Rxb2 24. gxh5 Qf6 25. Qg4 e4 26. Nd2 Qe5 27. Bxe5 1-0

[Event "*** Biggest EVER Titled Tuesday"]
[Site "Chess.com"]
[Date "2018.04.17"]
[Round "4"]
[White "Dr-Bassem"]
[Black "LawrenceTrent"]
[Result "1-0"]
[WhiteElo "2716"]
[BlackElo "2508"]
[TimeControl "180+2"]
[EndTime "13:51:32 PDT"]
[Termination "Dr-Bassem won by resignation"]

1. Nf3 g6 2. g3 Bg7 3. Bg2 Nf6 4. O-O O-O 5. d3 c5 6. e4 Nc6 7. c3 Rb8 8. Re1 d6 9. h3 b5 10. a3 a5 11. d4 Nd7 12. Be3 b4 13. axb4 axb4 14.
Nbd2 bxc3 15. bxc3 cxd4 16. cxd4 Bb7 17. Nc4 Ra8 18. Qb3 Ba6 19. Bf1 Rb8 20. Qc3 Bb7 21.
Rab1 Ba8 22. Qa3 Rxb1 23. Rxb1 Qc7 24. Rc1 Qa7 25. Qxa7 Nxa7 26. d5 Nb5 27. Nb6 Nxb6 28. Bxb5 Nc8 29. Ba6 1-0

[Event "*** Biggest EVER Titled Tuesday"]
[Site "Chess.com"]
[Date "2018.04.17"]
[Round "4"]
[White "FastChance"]
[Black "GoingKronos"]
[Result "1-0"]
[WhiteElo "2690"]
[BlackElo "2384"]
[TimeControl "180+2"]
[EndTime "13:51:44 PDT"]
[Termination "FastChance won on time"]

1. e4 e6 2. d4 d5 3. Nc3 Nf6 4.
Bg5 Bb4 5. e5 h6 6. Bd2 Bxc3 7.
bxc3 Ne4 8. Bd3 Nxd2 9. Qxd2 c5 10. f4 Qa5 11. Nf3 Nc6 12. Rb1 cxd4 13. cxd4 Qxd2+ 14. Kxd2 Na5 15. Ke3 Bd7 16. Rhc1 Rc8 17. c3 Ke7 18. Nd2 b6 19. c4 dxc4 20. Nxc4 Nxc4+ 21. Bxc4 Bc6 22. Ba6 Rc7 23. Rc2 Kd7 24. Rbc1 Rb8 25.
a4 f5 26. exf6 gxf6 27. f5 Kd6 28. Bb5 Rbc8 29. fxe6 1-0

[Event "*** Biggest EVER Titled Tuesday"]
[Site "Chess.com"]
[Date "2018.04.17"]
[Round "4"]
[White "Rikikits"]
[Black "HarutyunianTigranK"]
[Result "0-1"]
[WhiteElo "2576"]
[BlackElo "2700"]
[TimeControl "180+2"]
[EndTime "13:51:45 PDT"]
[Termination "HarutyunianTigranK won on time"]

1. d4 Nf6 2. c3 d5 3. Nf3 Bf5 4. Bf4 c6 5. e3 e6 6. Nbd2 Nbd7 7.
h3 h6 8. Be2 Be7 9. O-O O-O 10. a4 a5 11. Bh2 Qb6 12. Qc1 c5 13. Bb5 Rac8 14. Re1 Nb8 15. b3 Nc6 16. Qb2 Na7 17. Bf1 c4 18. Rec1 Ne4 19. Nxe4 Bxe4 20.
Nd2 Bg6 21. Ra2 cxb3 22. Qxb3 Qxb3 23. Nxb3 b6 24. f3 Rc6 25. c4 dxc4 26. Rxc4 Rxc4 27. Bxc4 Rc8 28. Nd2 Bb4 29. Ba6 Rc1+ 30. Kf2 Bc2 31. Ne4 Nc6 32. Bd6 Bxe4 0-1

[Event "*** Biggest EVER Titled Tuesday"]
[Site "Chess.com"]
[Date "2018.04.17"]
[Round "4"]
[White "Daniela_Movileanu"]
[Black "sergeikim"]
[Result "0-1"]
[WhiteElo "2391"]
[BlackElo "2461"]
[TimeControl "180+2"]
[EndTime "13:51:47 PDT"]
[Termination "sergeikim won by checkmate"]

1. e4 e5 2. Nf3 Nc6 3. Bc4 Bc5 4. O-O Nf6 5. d4 Bxd4 6. Nxd4 Nxd4 7. f4 d6 8. fxe5 dxe5 9. Bg5 Be6 10. Bxe6 Nxe6 11. Bxf6 Qxd1 12. Rxd1 gxf6 13. Nc3 c6 14. Rf1 Ke7 15. Rf2 Rhg8 16. Raf1 Rg6 17. Ne2 Rd8 18. Ng3 Nf4 19. Kh1 h5 20. Nf5+ Ke8 21. Nh4 Rg4 22. g3 Rd7 23. Nf5 Ne6 24. Nh6 Rxe4 25. Rxf6 Re2 26.
Nxf7 Ke7 27. Nh6 Rdd2 28. Rf7+ Ke8 29. R1f6 Rxh2+ 30. Kg1 Ng5 31. Rf8+ Kd7 32. Ng8 Nh3+ 33. Kf1 Rh1# 0-1

[Event "*** Biggest EVER Titled Tuesday"]
[Site "Chess.com"]
[Date "2018.04.17"]
[Round "4"]
[White "Fandorine"]
[Black "OK97"]
[Result "1-0"]
[WhiteElo "2708"]
[BlackElo "2575"]
[TimeControl "180+2"]
[EndTime "13:51:49 PDT"]
[Termination "Fandorine won by resignation"]

1. Nf3 g6 2. g3 Bg7 3. d4 d6 4.
Bg2 Nf6 5. O-O O-O 6. b3 e5 7.
dxe5 dxe5 8. Ba3 Qxd1 9. Rxd1 Re8 10. c4 e4 11. Nd4 e3 12. f4 c6 13. Nc3 Na6 14. Rac1 Bd7 15. Ncb5 cxb5 16. cxb5 Rac8 17. bxa6 bxa6 18. Nc6 Bxc6 19. Bxc6 Red8 20. Rxd8+ Rxd8 21. Bb7 Bf8 22. Bb2 Ng4 23. h3 Nf2 24. Rc8 Rxc8 25. Bxc8 Nxh3+ 26. Bxh3 1-0

[Event "*** Biggest EVER Titled Tuesday"]
[Site "Chess.com"]
[Date "2018.04.17"]
[Round "4"]
[White "TheBigBoss04"]
[Black "MartinMatthiesen"]
[Result "1-0"]
[WhiteElo "2520"]
[BlackElo "2335"]
[TimeControl "180+2"]
[EndTime "13:51:50 PDT"]
[Termination "TheBigBoss04 won by checkmate"]

1. d4 Nf6 2. c4 g6 3. Nc3 Bg7 4. e4 d6 5. Nf3 O-O 6. h3 c5 7. d5 e6 8. Bd3 exd5 9. exd5 Qe7+ 10. Be3 Bh6 11. O-O Bxe3 12. Re1 Bxf2+ 13. Kxf2 Qd8 14. Qd2 Kg7 15. Kg1 Nbd7 16. Qf4 Ne8 17. Ng5 Qf6 18.
Qg3 Qd4+ 19. Kh1 Ne5 20. Bf1 Nf6 21. Rad1 Nh5 22. Qh2 Qh4 23. Nge4 Rd8 24. Be2 f5 25. Bxh5 fxe4 26. Be2 Bf5 27. g4 Bd7 28. Nxe4 Nf7 29.
Bd3 Re8 30. Rf1 Rxe4 31. Bxe4 Ne5 32. b3 Re8 33. Bg2 b5 34. Qf4 a5 35. Rde1 bxc4 36.
Rxe5 Rxe5 37. Qf8# 1-0